[Event "Polofinale MCR juniorek 2023"]
[Site "Czech Republic"]
[Date "2023.11.11"]
[Round "1.1"]
[White "Stastna, Martina"]
[Black "Petirova, Iva"]
[Result "1-0"]
[TimeControl "90 min per 40 moves + 15 min + 30 sec / move from move 1"]
[WhiteFideId "385123"]
[BlackFideId "23741961"]
[WhiteElo "1940"]
[BlackElo "1636"]

1. e4 c5 2. Nf3 d6 3. Bb5+ Bd7 4. Bxd7+ Qxd7 5. O-O e6 6. d3 Be7 7. e5 d5 8. Nc3 Nh6 9. Ne2 Nc6 10.
Ng3 Nf5 11. c4 Nfd4 12. Nxd4 Nxd4 13. Re1 O-O 14. b3 f6 15. Bb2 fxe5 16. Rxe5 Bf6 17. Bxd4 cxd4 18. Re1 Bd8 19. Qg4 dxc4 20.
bxc4 Rf6 21. Re4 Qf7 22. Rf1 Bc7 23. Ne2 e5 24. Ng3 Rf8 25. Qe2 Qd7 26. Rh4 Rf4 27. Rxf4 Rxf4 28. Rb1 Qc6 29.
Ne4 b6 30. Qh5 Qd7 31. Rb5 Qf7 32. Qe2 a6 33. Rd5 h5 34. g3 Qg6 35. Rd7 Rf7 36. Rxf7 Qxf7 37. Kg2 Qg6 38. h3 b5 39.
cxb5 axb5 40. Qc2 Qb6 41. Qb3+ Kh8 42. Qf7 Qc6 43. Qxh5+ Kg8 44. Qe2 b4 45. Qb2 Qb5 46. Qb3+ Kh8 47.
h4 Bd8 48. Kh2 Be7 49. a3 Kh7 50. axb4 Qxb4 51. Ng5+ Kg6 52. Qf7+ Kh6 53. g4 Bxg5 54. Qh5# 1-0

[Event "Polofinale MCR juniorek 2023"]
[Site "Czech Republic"]
[Date "2023.11.11"]
[Round "1.2"]
[White "Brezikova, Beata"]
[Black "Nagyova, Daniela"]
[Result "0-1"]
[TimeControl "90 min per 40 moves + 15 min + 30 sec / move from move 1"]
[WhiteFideId "23727250"]
[BlackFideId "390070"]
[WhiteElo "1622"]
[BlackElo "1872"]

1. e4 e5 2. Nf3 Nc6 3. Bc4 Nf6 4. Ng5 d5 5. exd5 Na5 6. Bb5+ Bd7 7. Qe2 Be7 8. Nf3 e4 9. Ne5 c6 10.
dxc6 Nxc6 11. Nxd7 Qxd7 12. Nc3 O-O 13. Nxe4 Qd5 14. Bxc6 Qxc6 15. d3 Nd5 16. O-O Rae8 17. Qd2 f5 18.
Ng3 f4 19. Ne4 f3 20. b3 Nf4 21. g3 Qe6 22. Kh1 Qh3 23. Rg1 Ne2 24. Bb2 Rf5 25. g4 Rff8 26. Ng5 Bxg5 27. Qxg5 Rf7 28.
Rad1 Nxg1 29. Rxg1 Re1 30. Qd8+ Rf8 31. Qd5+ Kh8 32. Bxg7+ Kxg7 33. Qd4+ Rf6 34. Qd7+ Kg6 0-1

[Event "Polofinale MCR juniorek 2023"]
[Site "Czech Republic"]
[Date "2023.11.11"]
[Round "1.3"]
[White "Buchtova, Viktorie"]
[Black "Nova, Anezka"]
[Result "1-0"]
[TimeControl "90 min per 40 moves + 15 min + 30 sec / move from move 1"]
[WhiteFideId "23714786"]
[BlackFideId "23727144"]
[WhiteElo "1801"]
[BlackElo "1578"]

1. e4 e6 2. d4 d5 3. Nc3 Bb4 4. e5 c5 5. Bd2 Ne7 6. f4 O-O 7. Nf3 Nbc6 8. Nb5 Bxd2+ 9. Qxd2 a6 10.
Nd6 cxd4 11. Bd3 f6 12. O-O-O Bd7 13. Rdf1 b5 14. g4 Nc8 15. Nxc8 Rxc8 16. h4 b4 17. Kb1 a5 18. exf6 Rxf6 19.
g5 Rf8 20. Ba6 Rb8 21. Nxd4 Nxd4 22. Qxd4 Qb6 23. Qxb6 Rxb6 24. Be2 Bb5 25. Rh2 Bxe2 26. Rxe2 Rf5 27. Re5 Rxe5 28. fxe5 Rc6 29.
Rf4 Rc7 30. h5 Rf7 31. Rxf7 Kxf7 32. a3 b3 33. cxb3 Ke7 34. Kc2 Kd7 35. Kc3 Kc6 36. b4 a4 37. b3 Kb5 38. bxa4+ Kxa4 39.
Kd3 Kb5 40. Kd4 Kc6 41. a4 Kb6 42. b5 Kc7 43. Kc5 Kb7 44. a5 Kc7 45. b6+ Kb7 46. Kb5 Kb8 47. a6 Ka8 48. b7+ 1-0

[Event "Polofinale MCR juniorek 2023"]
[Site "Czech Republic"]
[Date "2023.11.11"]
[Round "1.4"]
[White "Markina, Sofiia"]
[Black "Dudova, Pavlina"]
[Result "0-1"]
[TimeControl "90 min per 40 moves + 15 min + 30 sec / move from move 1"]
[WhiteFideId "23744014"]
[BlackFideId "394629"]
[WhiteElo "1563"]
[BlackElo "1763"]

1. e4 e6 2. d4 d5 3. Nd2 Nf6 4. e5 Nfd7 5. Bd3 c5 6. c3 b6 7. Ne2 Ba6 8. Bxa6 Nxa6 9. O-O Be7 10.
Ng3 c4 11. Qg4 g6 12. f4 Nc7 13. Nf3 b5 14. b3 Nb6 15. Ne1 a5 16. bxc4 dxc4 17. Rb1 Na4 18. Bd2 Rb8 19. Qe2 Nd5 20.
Rf3 Qc7 21. Ne4 b4 22. Nd6+ Bxd6 23. exd6 Qxd6 24. Qxc4 Naxc3 25. Bxc3 Nxc3 26. Rxc3 bxc3 27. Rxb8+ Qxb8 28. Qc6+ Ke7 29.
Qc5+ Qd6 30. Qxc3 Qxf4 31. d5 Rd8 32. dxe6 fxe6 33. Qc5+ Kf6 34. Qxa5 Qe3+ 35. Kf1 Rd2 0-1

[Event "Polofinale MCR juniorek 2023"]
[Site "Czech Republic"]
[Date "2023.11.11"]
[Round "1.5"]
[White "Havelkova, Beata"]
[Black "Vavrinkova, Marie"]
[Result "1-0"]
[TimeControl "90 min per 40 moves + 15 min + 30 sec / move from move 1"]
[WhiteFideId "23709405"]
[BlackFideId "392154"]
[WhiteElo "1736"]
[BlackElo "1492"]

1. e4 d6 2. d4 Nf6 3. Bd3 g6 4.
Bg5 Bg7 5. Nf3 O-O 6. c3 Bg4 7. h3 Bxf3 8. Qxf3 Nbd7 9. Nd2 c5 10. Qe3 Re8 11. Bh6 Bh8 12. O-O Qc7 13. f4 e6 14.
g4 e5 15. f5 cxd4 16. Qg5 dxc3 17. fxg6 Qc5+ 18. Kh1 hxg6 19. Rac1 Nh7 20. Qh4 Qd4 21. Rxc3 d5 22. Bb5 dxe4 23.
Be3 Qd6 24. Bc4 Re7 25. Nxe4 Qb8 26. Qxe7 1-0

[Event "Polofinale MCR juniorek 2023"]
[Site "Czech Republic"]
[Date "2023.11.11"]
[Round "1.6"]
[White "Kavanova, Anezka"]
[Black "Hosova, Sandra"]
[Result "1-0"]
[TimeControl "90 min per 40 moves + 15 min + 30 sec / move from move 1"]
[WhiteFideId "23745517"]
[BlackFideId "397717"]
[WhiteElo "1434"]
[BlackElo "1730"]

1. e4 c5 2. Nf3 Nc6 3. d4 cxd4 4. Nxd4 g6 5. c4 Bg7 6. Be3 Nf6 7. Nc3 Ng4 8. Qxg4 Nxd4 9. Qd1 e5 10.
Qd2 O-O 11. f3 d6 12. Rd1 Qe7 13. Ne2 Nxe2 14. Bxe2 Rd8 15. O-O Be6 16.
b3 f5 17. exf5 gxf5 18. Qc2 f4 19. Bf2 Qg5 20. Bd3 Qh5 21. Be4 Rd7 22. Bd5 Qf7 23. Qe4 Kh8 24. Rd2 Qe7 25. Rfd1 a6 26.
Bxe6 Qxe6 27. Qd5 Qe7 28. Bb6 Rc8 29. c5 Bf8 30. cxd6 Qf6 31. Bc7 Rcxc7 32. dxc7 Rxc7 33. Qd8 Qxd8 34.
Rxd8 Kg7 35. R8d7+ Rxd7 36. Rxd7+ 1-0

[Event "Polofinale MCR juniorek 2023"]
[Site "Czech Republic"]
[Date "2023.11.11"]
[Round "1.7"]
[White "Nespora, Tatana"]
[Black "Stavova, Marketa"]
[Result "1-0"]
[TimeControl "90 min per 40 moves + 15 min + 30 sec / move from move 1"]
[WhiteFideId "392286"]
[BlackFideId "23714824"]
[WhiteElo "1690"]
[BlackElo "1433"]

1. e4 e5 2. d4 exd4 3. c3 dxc3 4. Bc4 Nc6 5. Nxc3 Nf6 6. Nf3 d6 7. Qb3 Qd7 8. O-O a6 9. Ng5 Ne5 10.
Bf4 Nxc4 11. Qxc4 h6 12. Nf3 Qd8 13. Rad1 Be6 14. Qe2 Nd7 15. e5 Qb8 16. exd6 Bxd6 17. Bxd6 cxd6 18. Nd4 O-O 19.
Nxe6 fxe6 20. Qxe6+ Rf7 21. Rfe1 Nf6 22. Rxd6 Qa7 23. Red1 Ne8 24. R6d2 b5 25. Ne4 Kh8 26. Rd7 Rxd7 27.
Rxd7 Qb8 28. Qf7 Qe5 29. Re7 Rd8 30. g3 Qxb2 31. Rxe8+ Rxe8 32. Qxe8+ Kh7 33. Qe6 a5 34. Qb3 Qc1+ 35.
Kg2 Qc6 36. Qd3 b4 37. f3 Kg8 38. Qd8+ Kh7 39. Qxa5 Qc2+ 40. Kh3 Qc8+ 41. g4 Qc4 42. Qf5+ Kg8 43. Qg6 Qf1+ 44. Kg3 Qg1+ 45.
Kf4 Qxh2+ 46. Kf5 Qb2 47. Nf6+ Qxf6+ 48. Qxf6 gxf6 49. Kxf6 Kf8 1-0

[Event "Polofinale MCR juniorek 2023"]
[Site "Czech Republic"]
[Date "2023.11.11"]
[Round "1.8"]
[White "Stavova, Helena"]
[Black "Jakubse, Tamae Severina"]
[Result "1-0"]
[TimeControl "90 min per 40 moves + 15 min + 30 sec / move from move 1"]
[WhiteFideId "23714751"]
[BlackFideId "23745975"]
[WhiteElo "1425"]
[BlackElo "1679"]

1. e4 e5 2. Nf3 Nc6 3. d4 exd4 4. Nxd4 Nf6 5. Nc3 Bb4 6. Nxc6 bxc6 7. Bd3 O-O 8. O-O d5 9. exd5 cxd5 10.
Bg5 c6 11. Qf3 Bd6 12. h3 Be5 13. Rfe1 Qd6 14. Rab1 Be6 15. Ne2 h6 16. Bf4 Nd7 17. c3 c5 18. Bc2 d4 19. b3 a5 20.
Qd3 f5 21. Bg3 Bxg3 22. Nxg3 Rad8 23. Rbd1 Nb6 24. Ne2 Nd5 25. a3 dxc3 26. Nxc3 Qc6 27. Qf3 c4 28. Rxe6 Qxe6 29. Nxd5 Qe5 30.
bxc4 Rb8 31. Nf4 Qb2 32. Qd5+ Rf7 33. Rb1 Qxb1+ 34. Bxb1 Rxb1+ 35. Kh2 Rbb7 36. Qxa5 1-0

[Event "Polofinale MCR juniorek 2023"]
[Site "Czech Republic"]
[Date "2023.11.11"]
[Round "1.9"]
[White "Sulcova, Tereza Radmila"]
[Black "Macova, Marketa"]
[Result "1-0"]
[TimeControl "90 min per 40 moves + 15 min + 30 sec / move from move 1"]
[WhiteFideId "395196"]
[BlackFideId "23715588"]
[WhiteElo "1671"]
[BlackElo "1416"]

1. e4 e5 2. Nf3 Nc6 3. g3 Nf6 4. d3 Bc5 5. h3 d6 6. Bg2 Bd7 7. Qe2 Qe7 8. c3 h6 9. Be3 Bxe3 10.
Qxe3 O-O-O 11. c4 g5 12. Nc3 Be6 13. Nd5 Bxd5 14. cxd5 Nb4 15. Qd2 Na6 16. O-O Nh7 17. Qa5 h5 18.
b4 g4 19. Nh4 Kb8 20. Nf5 Qf6 21. h4 Nf8 22. Rfc1 Rc8 23. Rc3 Qd8 24. b5 Nc5 25. Ra3 a6 26. bxa6 b6 27. Qb4 Ka7 28.
Rb1 Rb8 29. d4 Ncd7 30. Rc1 Ng6 31. Qc3 Rc8 32. Qc6 Rb8 33. Qxc7+ Ka8 34. Qc6+ Ka7 35. Nxd6 Ne7 36. Nb5# 1-0

[Event "Polofinale MCR juniorek 2023"]
[Site "Czech Republic"]
[Date "2023.11.11"]
[Round "1.10"]
[White "Bartova, Hana"]
[Black "Sikorova, Jana"]
[Result "0-1"]
[TimeControl "90 min per 40 moves + 15 min + 30 sec / move from move 1"]
[WhiteFideId "23732695"]
[BlackFideId "392472"]
[WhiteElo "1270"]
[BlackElo "1662"]

1. e4 c5 2. Nf3 a6 3. c3 d5 4. exd5 Qxd5 5. d4 e6 6. Be2 Nf6 7. O-O Nc6 8. Bf4 cxd4 9. cxd4 Be7 10.
Nc3 Qd8 11. Rc1 O-O 12. a3 b6 13. Qd2 Bb7 14. Rfd1 Na5 15. Qc2 Rc8 16. b4 Nd5 17. Bd2 Nc4 18. Qb3 b5 19. Be1 Nf4 20.
Rc2 Bd6 21. Nb1 Bd5 22. Bxc4 Bxc4 23. Qe3 Nd5 24. Qc1 Be2 25. Rxe2 Rxc1 26. Rxc1 Qd7 27. Rec2 Nb6 28. Nbd2 Bf4 29. g3 Bxd2 30. Bxd2 Nc4 31.
Ne5 Nxe5 32. dxe5 Qd3 33. Bc3 Rc8 34. Rd2 Qe4 35. Rd4 Qxd4 36. Bxd4 Rxc1+ 37. Kg2 Rd1 38. Bc3 Rb1 39. Bd4 Rb3 40.
Kf1 Kf8 41. Ke2 Rxa3 42. Kd2 Ke8 43. Kc2 Kd7 44. Bc3 Ra2+ 45. Bb2 Kc6 46. Kb3 Rxb2+ 47. Kxb2 Kd5 48. f4 Kc4 49. Ka3 h5 50.
h3 Kc3 51. g4 hxg4 52. hxg4 g6 0-1

[Event "Polofinale MCR juniorek 2023"]
[Site "Czech Republic"]
[Date "2023.11.12"]
[Round "2.1"]
[White "Nespora, Tatana"]
[Black "Stastna, Martina"]
[Result "0-1"]
[TimeControl "90 min per 40 moves + 15 min + 30 sec / move from move 1"]
[WhiteFideId "392286"]
[BlackFideId "385123"]
[WhiteElo "1690"]
[BlackElo "1940"]

1. e4 e5 2. Nf3 Nc6 3. Bc4 Bc5 4. b4 Bxb4 5. c3 Bc5 6. O-O d6 7. d4 exd4 8. cxd4 Bb6 9. Nc3 Na5 10.
e5 Nxc4 11. Qa4+ c6 12. Qxc4 d5 13. Qd3 Ne7 14. Nh4 Ng6 15. Nf3 Bg4 16. Ng5 h6 17. h3 hxg5 18. hxg4 Nf4 19. Bxf4 gxf4 20.
e6 Qf6 21. exf7+ Kxf7 22. Ne2 Rae8 23. Rfe1 Re4 24. a4 Rhe8 25. Qd2 Bxd4 26. Nxd4 Qxd4 27. Qa5 b6 28. Qxa7+ R8e7 29. Qb8 Rxe1+ 30. Rxe1 Rxe1+ 31. Kh2 Qf6 0-1

[Event "Polofinale MCR juniorek 2023"]
[Site "Czech Republic"]
[Date "2023.11.12"]
[Round "2.2"]
[White "Nagyova, Daniela"]
[Black "Sulcova, Tereza Radmila"]
[Result "0-1"]
[TimeControl "90 min per 40 moves + 15 min + 30 sec / move from move 1"]
[WhiteFideId "390070"]
[BlackFideId "395196"]
[WhiteElo "1872"]
[BlackElo "1671"]

1. e4 g6 2. d4 Nf6 3. Nc3 d5 4. e5 Nh5 5. Be3 c6 6. Qd2 Ng7 7. Nf3 Bg4 8. Be2 h5 9. O-O-O Nd7 10.
Ng5 Bxe2 11. e6 Nxe6 12. Nxe6 fxe6 13. Nxe2 e5 14. dxe5 Nxe5 15. Bd4 Bh6 16. f4 Nc4 17. Qb4 Rg8 18.
Qxb7 Qc8 19. Qxc8+ Rxc8 20. b3 Nd6 21. Be5 Nf7 22. Bb2 g5 23. f5 g4+ 24. Kb1 Nd6 25. Nd4 c5 26. Ne6 d4 27.
Ba3 Ne4 28. Rde1 Be3 29. Kb2 c4 30. Re2 cxb3 31. axb3 Nc3 32. Ree1 Ne4 33. Re2 Kf7 34. Rf1 Rc6 35. Bb4 Rb8 36.
Be1 Nd6 37. Nf4 a5 38. Nxh5 a4 39. Nf4 axb3 40. cxb3 Nc4+ 41. Ka1 Rxb3 42. Ra2 Na3 43. Rb2 Rc1+ 44. Ka2 Rxb2+ 45. Kxb2 Nc4+ 46.
Kb3 Nd2+ 47. Bxd2 Rxf1 48. Bxe3 dxe3 49. Ne2 Rf2 0-1

[Event "Polofinale MCR juniorek 2023"]
[Site "Czech Republic"]
[Date "2023.11.12"]
[Round "2.3"]
[White "Sikorova, Jana"]
[Black "Buchtova, Viktorie"]
[Result "0-1"]
[TimeControl "90 min per 40 moves + 15 min + 30 sec / move from move 1"]
[WhiteFideId "392472"]
[BlackFideId "23714786"]
[WhiteElo "1662"]
[BlackElo "1801"]

1. d4 Nf6 2. c4 e6 3. Nf3 Bb4+ 4. Bd2 c5 5. Bxb4 cxb4 6. Nbd2 O-O 7. e3 d6 8. Bd3 Re8 9. Qc2 e5 10.
Ne4 exd4 11. Nxd4 Nxe4 12. Bxe4 Qh4 13. Bxh7+ Qxh7 14. Qxh7+ Kxh7 15. Nb5 Re7 16. Rd1 Na6 17. Nxd6 Be6 18.
Ke2 Nc5 19. b3 a5 20. Nb5 a4 21. Nd4 axb3 22. axb3 Nxb3 23. Nxe6 Rxe6 24. Rd5 Ra2+ 25. Kf3 Nd2+ 26. Kg3 Ne4+ 0-1

[Event "Polofinale MCR juniorek 2023"]
[Site "Czech Republic"]
[Date "2023.11.12"]
[Round "2.4"]
[White "Dudova, Pavlina"]
[Black "Kavanova, Anezka"]
[Result "1-0"]
[TimeControl "90 min per 40 moves + 15 min + 30 sec / move from move 1"]
[WhiteFideId "394629"]
[BlackFideId "23745517"]
[WhiteElo "1763"]
[BlackElo "1434"]

1. e4 Nf6 2. e5 Nd5 3. c4 Nb6 4. d4 d6 5. exd6 cxd6 6. Nc3 g6 7. Bd3 Nc6 8. Nge2 Bg7 9. Be3 O-O 10.
a3 a5 11. O-O e6 12. Qd2 a4 13. c5 dxc5 14. dxc5 Nd5 15. Nxd5 Qxd5 16. Nc3 Qd8 17. Rad1 Ne5 18. Qc2 Nxd3 19.
Rxd3 Qe8 20. Rfd1 e5 21. Qd2 Bf5 22. Rd6 e4 23. Nd5 Rc8 24. Bh6 Kh8 25. Bxg7+ Kxg7 26. Qd4+ 1-0

[Event "Polofinale MCR juniorek 2023"]
[Site "Czech Republic"]
[Date "2023.11.12"]
[Round "2.6"]
[White "Hosova, Sandra"]
[Black "Stavova, Helena"]
[Result "1-0"]
[TimeControl "90 min per 40 moves + 15 min + 30 sec / move from move 1"]
[WhiteFideId "397717"]
[BlackFideId "23714751"]
[WhiteElo "1730"]
[BlackElo "1425"]

1. d4 d5 2. Nf3 Nf6 3. e3 e6 4. Bd3 c5 5. b3 Nc6 6. Bb2 Bd6 7. Nbd2 Qb6 8. Rb1 Nb4 9. Be2 O-O 10.
a3 Nc6 11. Bd3 Qc7 12. e4 e5 13. exd5 Nxd5 14. dxc5 Bxc5 15. Bxh7+ Kxh7 16. Ne4 Bxf2+ 17. Nxf2 Nf4 18. O-O Kg8 19.
Qe1 Re8 20. Ne4 Ng6 21. Qe2 Bg4 22. Qc4 Be6 23. Qc3 Nf4 24. Kh1 Nd5 25. Qe1 f6 26. Qg3 Qe7 27. Nh4 Nf4 28. Bc1 Ne2 29.
Qg6 Rf8 30. Qh5 Nxc1 31. Ng6 Qd7 32. Ng5 1-0

[Event "Polofinale MCR juniorek 2023"]
[Site "Czech Republic"]
[Date "2023.11.12"]
[Round "2.7"]
[White "Jakubse, Tamae Severina"]
[Black "Reznickova, Sibyla"]
[Result "1-0"]
[TimeControl "90 min per 40 moves + 15 min + 30 sec / move from move 1"]
[WhiteFideId "23745975"]
[BlackFideId "398721"]
[WhiteElo "1679"]
[BlackElo "1413"]

1. e4 e5 2. Nf3 Nc6 3. d4 exd4 4. Nxd4 Bc5 5. Be3 Bb6 6. Be2 Nf6 7. Nxc6 bxc6 8. Bxb6 axb6 9. Bf3 Ba6 10.
Qd2 Qe7 11. Nc3 O-O 12. O-O-O b5 13. a3 b4 14. Nb1 bxa3 15. Nxa3 Bb5 16. Qe3 Rfb8 17. e5 Nd5 18. Bxd5 cxd5 19.
Rxd5 Bc6 20. Rd3 Qe6 21. Kb1 Bb5 22. Rb3 Ba4 23. Rxb8+ Rxb8 24. Qa7 Qb6 25. Qxb6 Rxb6 26. Rd1 Rh6 27.
h3 Bc6 28. f3 Rg6 29. Rd2 Re6 30. f4 Rg6 31. g4 Rh6 32. Rd3 Kf8 33. Rg3 Be4 34. Nb5 c6 35. Nd6 Bd5 36. Ra3 c5 37.
Rd3 Bc6 38. Rb3 Ke7 39. Nf5+ 1-0

[Event "Polofinale MCR juniorek 2023"]
[Site "Czech Republic"]
[Date "2023.11.12"]
[Round "2.8"]
[White "Petirova, Iva"]
[Black "Bartova, Hana"]
[Result "0-1"]
[TimeControl "90 min per 40 moves + 15 min + 30 sec / move from move 1"]
[WhiteFideId "23741961"]
[BlackFideId "23732695"]
[WhiteElo "1636"]
[BlackElo "1270"]

1. e4 e6 2. d4 d5 3. Nc3 Nf6 4. e5 Nfd7 5. Nf3 a6 6. Bd3 c5 7. dxc5 Nc6 8. O-O Bxc5 9. Re1 h6 10.
Nxd5 exd5 11. e6 Nf6 12. exf7+ Kxf7 13. Nh4 g5 14. Nf5 Bxf5 15. Bxf5 Re8 16. Be3 d4 17. Bd2 Qd5 18. Bd3 Rxe1+ 19. Qxe1 Re8 20. Qf1 Kg7 21. c3 dxc3 22. Bxc3 Bd4 23. Bxd4 Qxd4 24. Rc1 Qd7 25. Rd1 Qe6 26. b3 Ne5 27.
f4 Nxd3 0-1

[Event "Polofinale MCR juniorek 2023"]
[Site "Czech Republic"]
[Date "2023.11.12"]
[Round "2.9"]
[White "Vavrinkova, Marie"]
[Black "Brezikova, Beata"]
[Result "0-1"]
[TimeControl "90 min per 40 moves + 15 min + 30 sec / move from move 1"]
[WhiteFideId "392154"]
[BlackFideId "23727250"]
[WhiteElo "1492"]
[BlackElo "1622"]

1. d4 d5 2. Nf3 Nf6 3. c4 c6 4. cxd5 cxd5 5. Nc3 Nc6 6. Bf4 Bf5 7. e3 e6 8. Bb5 Be7 9. Ne5 Rc8 10.
Qa4 Qb6 11. Bg5 a6 12. Bxc6+ bxc6 13. O-O h6 14. Bh4 g5 15. Bg3 O-O 16. Rfc1 c5 17. Nd7 Nxd7 18. Qxd7 Qd8 19. Qa4 cxd4 20.
Qxd4 Bf6 21. Qd2 Qb6 22. Nd1 Kg7 23. Rxc8 Rxc8 24. Rc1 Rxc1 25. Qxc1 Qa5 26. Nc3 e5 27. a3 d4 28. exd4 exd4 29.
Na2 d3 30. Nb4 Qd8 31. Qd2 a5 32. Na2 Qb6 33. Nc3 Qb3 34. Kf1 Bg6 35. f3 Qc4 36. Bf2 Be5 37. Ke1 Bf4 38. Be3 Bxh2 39.
Qf2 Be5 40. Bd2 Qb3 41. Qc5 Bg3+ 42. Kf1 Qxb2 43. Ne4 Qa1+ 44. Qc1 Qxc1+ 45. Bxc1 Bxe4 46. fxe4 a4 47. Bb2+ Kf8 48. Bd4 Ke8 49.
Bg7 h5 50. Bf6 g4 0-1

[Event "Polofinale MCR juniorek 2023"]
[Site "Czech Republic"]
[Date "2023.11.12"]
[Round "2.10"]
[White "Nova, Anezka"]
[Black "Taborska, Aneta"]
[Result "1/2-1/2"]
[TimeControl "90 min per 40 moves + 15 min + 30 sec / move from move 1"]
[WhiteFideId "23727144"]
[BlackFideId "23733039"]
[WhiteElo "1578"]
[BlackElo "1165"]

1. e4 d5 2. exd5 Qxd5 3. Nc3 Qa5 4. d4 Nf6 5. Bd2 Nc6 6. Nb5 Qb6 7. Bf4 Nd5 8. Bg3 a6 9. Bc4 axb5 10.
Bxd5 Nxd4 11. Nf3 Nf5 12. Bf4 e6 13. Be4 Nd6 14. Bd3 Bd7 15. Ne5 O-O-O 16. O-O Qc5 17. Qe2 Be7 18. Nxd7 Rxd7 19.
Bxd6 Rxd6 20. Bxb5 Rb6 21. Bc4 Rxb2 22. Bb3 Rd8 23. Rad1 Bd6 24. Qf3 Qe5 25. g3 Rd7 26. Rfe1 Qb5 27.
Qc3 Be5 28. Qf3 Bd4 29. Qe4 Qc5 30. Qf3 g5 31. h3 h5 32. g4 hxg4 33. hxg4 Re7 34. Re4 Rd7 35. Kg2 Kb8 36. Qd3 e5 37.
Qf3 Qc6 38. Qf5 f6 39. Qf3 Rh7 40. Qf5 Rh6 41. Qf3 Rh4 42. Rh1 Rxh1 43. Kxh1 Rb1+ 44. Kg2 Qa6 45. Re2 Rc1 46. Qe4 Bc5 47.
Bc4 Qd6 48. Bd3 Ra1 49. Qa4 Qd5+ 50. Be4 Qd1 51. Qe8+ Ka7 52. Qa4+ Kb8 53. Qe8+ Ka7 54. Qa4+ 1/2-1/2

[Event "Polofinale MCR juniorek 2023"]
[Site "Czech Republic"]
[Date "2023.11.12"]
[Round "2.11"]
[White "Stavova, Marketa"]
[Black "Markina, Sofiia"]
[Result "0-1"]
[TimeControl "90 min per 40 moves + 15 min + 30 sec / move from move 1"]
[WhiteFideId "23714824"]
[BlackFideId "23744014"]
[WhiteElo "1433"]
[BlackElo "1563"]

1. e4 c6 2. d4 d5 3. exd5 cxd5 4. Bd3 Nc6 5. Ne2 Nf6 6. O-O Bg4 7. f3 Bh5 8. c3 Bg6 9. Nf4 Bxd3 10. Nxd3 e6 11. Re1 Bd6 12. Nd2 Qc7 13.
Nf1 O-O 14. Kh1 Nd7 15. Qc2 Nxd4 16. Qf2 Nc6 17. Be3 b6 18. Rad1 Rae8 19. Nc1 Nde5 20. b3 Ng6 21. Ne2 Qb8 22.
Nfg3 f5 23. Bc1 f4 24. Nf1 Bc5 25. Nd4 e5 26. b4 Nxb4 27. cxb4 Bxd4 28. Qc2 Rc8 29. Qb3 Rfd8 30. Bb2 Bxb2 31.
Qxb2 Qd6 32. Nd2 Qf6 33. Qb3 Kh8 34. Rc1 Qh4 35. Rf1 Rxc1 36. Rxc1 Ne7 37. Qa4 Nf5 38. Nf1 Nd4 39. Rd1 Qf2 40. Nd2 Qe2 41. Nf1 b5 0-1

[Event "Polofinale MCR juniorek 2023"]
[Site "Czech Republic"]
[Date "2023.11.13"]
[Round "3.1"]
[White "Stastna, Martina"]
[Black "Dudova, Pavlina"]
[Result "1-0"]
[TimeControl "90 min per 40 moves + 15 min + 30 sec / move from move 1"]
[WhiteFideId "385123"]
[BlackFideId "394629"]
[WhiteElo "1940"]
[BlackElo "1763"]

1. e4 e6 2. d3 d5 3. Nd2 c5 4. Ngf3 Nc6 5. g3 Bd6 6. Bg2 Nge7 7. O-O O-O 8. Qe2 Qc7 9. Re1 Ng6 10.
h4 Nb4 11. Nf1 dxe4 12. dxe4 e5 13. c3 Nc6 14. Ne3 Be6 15. h5 Nge7 16. h6 g6 17. Nh4 Nc8 18. Nhf5 Bxf5 19. exf5 Be7 20.
Nd5 Qd7 21. fxg6 fxg6 22. Nxe7+ N8xe7 23. Qc4+ Kh8 24. Qxc5 Qf5 25. Be3 Qf6 26. Rad1 Rad8 27. Bc1 Nf5 28.
Rxd8 Rxd8 29. Bxc6 bxc6 30. Qxa7 Qd6 31. Bg5 Rf8 32. g4 1-0

[Event "Polofinale MCR juniorek 2023"]
[Site "Czech Republic"]
[Date "2023.11.13"]
[Round "3.2"]
[White "Buchtova, Viktorie"]
[Black "Havelkova, Beata"]
[Result "1-0"]
[TimeControl "90 min per 40 moves + 15 min + 30 sec / move from move 1"]
[WhiteFideId "23714786"]
[BlackFideId "23709405"]
[WhiteElo "1801"]
[BlackElo "1736"]

1. e4 c5 2. Nf3 e6 3. d4 cxd4 4. Nxd4 Nf6 5. Nc3 d6 6. f4 a6 7. Bd3 Qc7 8. O-O Be7 9. Nf3 Nc6 10.
Qe1 b5 11. Qg3 b4 12. Ne2 Qb6+ 13. Kh1 Bb7 14. e5 Nh5 15. Qg4 g6 16. exd6 Bxd6 17. Ng5 Nf6 18. Qh4 Be7 19. Qh3 Bc8 20.
Be3 Bc5 21. Rf3 Bxe3 22. Rxe3 Ng4 23. Rf3 Nf2+ 24. Rxf2 Qxf2 25. Nxh7 Ke7 26. Qh6 Rxh7 27. Qxh7 Bb7 28. Qh3 Rd8 29.
Qg3 Qc5 30. Qh4+ Ke8 31. Ng3 Nd4 32. Qh8+ Ke7 33. Qe5 Rd5 34. Qb8 Rd7 35. Ne4 Qh5 36. Qe5 Qxe5 37. fxe5 Rd5 38. Nd6 Bc6 39. Rf1 Rxe5 40. Nxf7 Re3 41.
Ng5 e5 42. Kg1 Bb5 43. Bxb5 axb5 44. Nf3 Re2 45. Nxd4 exd4 46. Rf2 Re1+ 47. Rf1 Re2 48. Rc1 Ke6 49. Kf1 Rd2 50. Re1+ Kd5 51.
Re2 Rd1+ 52. Kf2 Ra1 53. b3 Rxa2 1-0

[Event "Polofinale MCR juniorek 2023"]
[Site "Czech Republic"]
[Date "2023.11.13"]
[Round "3.3"]
[White "Sulcova, Tereza Radmila"]
[Black "Nespora, Tatana"]
[Result "1-0"]
[TimeControl "90 min per 40 moves + 15 min + 30 sec / move from move 1"]
[WhiteFideId "395196"]
[BlackFideId "392286"]
[WhiteElo "1671"]
[BlackElo "1690"]

1. e4 c5 2. c4 g6 3. g3 Bg7 4. Bg2 Nc6 5. Nc3 e6 6. Nge2 Nge7 7. O-O O-O 8. d3 d6 9. Be3 Nd4 10.
b4 a6 11. Rb1 Nec6 12. bxc5 dxc5 13. Qd2 Rb8 14. Na4 b6 15. Nxd4 Nxd4 16. Nxc5 b5 17. Rfd1 e5 18. h3 Qc7 19.
Nb3 Bxh3 20. Bxd4 Bxg2 21. Bc5 Bf3 22. Bxf8 Qd7 23. Qe3 Qg4 24. Nd2 Bxd1 25. Bxg7 Kxg7 26. Kg2 Qe2 27. Nf1 Rd8 28.
Qc5 Qxd3 29. Qxe5+ Kg8 30. Rxd1 Qxd1 31. cxb5 axb5 32. Qxb5 Qd3 33. Qe5 Qd6 34. Qb5 Qe6 35. Qa4 Re8 36.
f3 f5 37. Nd2 Rd8 38. Qc2 Qd6 39. Qc4+ Kf8 40. Nb3 fxe4 41. Qxe4 Qd3 42. Qf4+ Kg8 43. g4 Rf8 44. Qg3 Qe2+ 45.
Qf2 Qxf2+ 46. Kxf2 Ra8 47. Kg3 Kf7 48. Nc5 Rxa2 49. Ne4 h6 50. Nc3 Ra1 51. Ne2 Kf6 52. Nf4 Rd1 53. Ne2 Rd2 54.
Nc3 Rc2 55. Nd1 Ke5 56. Ne3 Kd4 57. Nxc2+ Kd3 58. Nb4+ Ke3 59. Nd5+ Kd4 60. Ne7 g5 61. Nf5+ Kd5 62. Nxh6 Ke5 63.
Nf7+ Kf6 64. Nd6 Ke6 65. Ne4 1-0

[Event "Polofinale MCR juniorek 2023"]
[Site "Czech Republic"]
[Date "2023.11.13"]
[Round "3.4"]
[White "Markina, Sofiia"]
[Black "Nagyova, Daniela"]
[Result "1-0"]
[TimeControl "90 min per 40 moves + 15 min + 30 sec / move from move 1"]
[WhiteFideId "23744014"]
[BlackFideId "390070"]
[WhiteElo "1563"]
[BlackElo "1872"]

1. e4 e5 2. Nf3 Nc6 3. Bc4 Nf6 4. d3 Be7 5. O-O O-O 6. Nbd2 d6 7. c3 Na5 8. Bb5 a6 9. Ba4 b5 10.
Bc2 c5 11. Re1 Nc6 12. h3 a5 13. Nf1 Qc7 14. Qe2 Re8 15. Ne3 Be6 16. Bb3 a4 17. Bd5 Bf8 18. Ng5 h6 19. Nxe6 fxe6 20.
Bxc6 Qxc6 21. Ng4 Nh7 22. Qf3 Ra7 23. Qg3 Kh8 24. Re3 Rae7 25. Bd2 Qb6 26. a3 c4 27. d4 h5 28. Nh2 exd4 29.
cxd4 Qxd4 30. Bc3 Qb6 31. Qg6 Qc5 32. e5 d5 33. Bb4 Qb6 34. Bxe7 Rxe7 35. Qxh5 d4 36. Rf3 Kg8 37. Ng4 Qc5 38.
Qg6 Kh8 39. Rc1 Qd5 40. Rg3 Rd7 41. Nf6 Nxf6 42. exf6 Qb7 43. Rg5 Rd5 44. Rg4 Kg8 45. Rh4 d3 46. f7+ Qxf7 47. Qh7# 1-0